 Dungeon Crawl Stone Soup version 0.27-a0-346-ga689d4a613 (webtiles) character file.

Game seed: 10352863189531646322

290 snetch the Chopper (level 6, -4/84 HPs)
             Began as a Minotaur Berserker on Feb 15, 2021.
             Was a Believer of Trog.
             Slain by Duvessa
             ... wielding a +3 rapier of freezing
              (6 damage)
             ... on level 4 of the Dungeon.
             The game lasted 00:04:22 (1528 turns).

snetch the Chopper (Minotaur Berserker)             Turns: 1528, Time: 00:04:23

Health: -4/84      AC:  5    Str: 24    XL:     6   Next: 9%
Magic:  5/5        EV: 11    Int:  4    God:    Trog [**....]
Gold:   259        SH:  0    Dex:  9    Spells: 5/5 levels left

rFire    . . .     SeeInvis .   a - +0 hand axe
rCold    . . .     Faith    .   (no shield)
rNeg     . . .     Spirit   .   h - +0 ring mail
rPois    .         Reflect  .   (helmet restricted)
rElec    .         Harm     .   (no cloak)
rCorr    .         Rampage  .   (no gloves)
Will     .....                  (no boots)
Stlth    ..........             (no amulet)
HPRegen  0.24/turn              (no ring)
MPRegen  0.09/turn              (no ring)

@: berserking, very quick
A: retaliatory headbutt, horns 2
a: Renounce Religion, Berserk, Trog's Hand


You were on level 4 of the Dungeon.
You worshipped Trog.
Trog was pleased with you.
You visited 1 branch of the dungeon, and saw 5 of its levels.

You collected 259 gold pieces.

Inventory:

Hand Weapons
 a - a +0 hand axe (weapon)
 b - a +1 mace of holy wrath
 j - a +0 dagger of freezing
Missiles
 c - a throwing net
 e - 71 stones
 f - 38 sling bullets
 k - 13 arrows
 q - 6 silver javelins
Armour
 d - a +0 kite shield
 h - a +0 ring mail (worn)
Scrolls
 i - a scroll of noise {unknown}
 l - 3 scrolls of identify {unknown}
 m - 2 scrolls of immolation {unknown}
 p - a scroll of enchant weapon {unknown}
 s - a scroll of enchant armour {unknown}
Potions
 g - a potion of mutation {unknown}
 n - a potion of heal wounds {unknown}
 o - a potion of ambrosia {unknown}
 r - a potion of lignification {unknown}


   Skills:
 + Level 5.0 Fighting
 + Level 6.0 Axes
 + Level 4.1 Armour
 + Level 3.1 Dodging
 + Level 0.2 Stealth


You had 5 spell levels left.
You didn't know any spells.
Your spell library was empty.

Dungeon Overview and Level Annotations

Branches:
Dungeon (5/15)
 Temple: D:4-7

Altars:
Vehumet

Annotations:
D:1 lava, water
D:4 Duvessa


Innate Abilities, Weirdness & Mutations

You reflexively headbutt those who attack you in melee.
You have a pair of horns on your head.


Message History

You hit Duvessa. Your headbutt misses Duvessa.
Duvessa is lightly wounded.
You slash Dowan! Dowan hits you with a +0 dagger.
Duvessa zaps a wand.
The puff of flame hits you.
You hit Duvessa but do no damage. You headbutt Duvessa!
Duvessa is moderately wounded.
You hit Dowan. Dowan misses you. You furiously retaliate!
You headbutt Dowan!
You kill Dowan!
Trog accepts your kill.
Trog appreciates your killing of a magic user.
Duvessa screams in rage.
Duvessa goes berserk!
Duvessa misses you.
Your Axes skill increases to level 6!
Your Armour skill increases to level 4!
You have reached level 6!
Your experience leads to an increase in your attributes!
Increase (S)trength, (I)ntelligence, or (D)exterity?
You feel stronger.
A red film seems to cover your vision as you go berserk!
You feel yourself moving faster!
You feel mighty!
Duvessa hits you with a +3 rapier of freezing!
Duvessa freezes you.
You closely miss Duvessa.
Duvessa is moderately wounded.
Duvessa misses you. You furiously retaliate!
You headbutt Duvessa. You hit Duvessa.
Duvessa is heavily wounded.
Duvessa hits you with a +3 rapier of freezing!
Duvessa freezes you.
You closely miss Duvessa.
Duvessa is heavily wounded.
Duvessa hits you with a +3 rapier of freezing.
* * * LOW HITPOINT WARNING * * *
Duvessa freezes you.
* * * LOW HITPOINT WARNING * * *
You slash Duvessa! You headbutt Duvessa!
Duvessa is almost dead.
Duvessa hits you with a +3 rapier of freezing!
* * * LOW HITPOINT WARNING * * *
Duvessa freezes you.
You die...

#..#.####.......#......
#.........##...##......
...........##..#.......
#....((...............
.#.......#.............
......)[##.....>.......
......)†.....#.†.......
.#.....)##..##†............
...........##.@e...........
._.#.........).#...<.......
..............##...........
.#.........................
...............#.e.........
...........#..###.........#
......#.###...†......#
#....###............##
##... #.>.........###


You could see Duvessa (berserk).

Vanquished Creatures
  Dowan (D:4)
  A scorpion (D:4)
  An orc priest (D:4)
  2 hounds (D:4)
  An orc wizard (D:4)
  2 adders (D:2)
  A worm (D:4)
  2 leopard geckos (D:2)
  3 orcs (D:4)
  3 bats (D:1)
  2 giant cockroaches (D:1)
  8 goblins
  8 hobgoblins
  11 kobolds
  A ball python (D:1)
  2 frilled lizards (D:1)
  7 rats
56 creatures vanquished.

Vanquished Creatures (others)
  3 fungi (D:5)
3 creatures vanquished.

Grand Total: 59 creatures vanquished

Notes
Turn   | Place    | Note
-------+----------+-------------------------------------------
     0 | D:1      | snetch the Minotaur Berserker began the quest for the Orb.
     0 | D:1      | Reached XP level 1. HP: 19/19 MP: 0/0
   198 | D:1      | Reached skill level 4 in Axes
   198 | D:1      | Reached XP level 2. HP: 27/27 MP: 1/1
   467 | D:1      | Reached XP level 3. HP: 33/33 MP: 2/2
   679 | D:1      | Reached ** piety under Trog
  1197 | D:2      | Reached XP level 4. HP: 34/41 MP: 3/3
  1314 | D:4      | Reached skill level 5 in Axes
  1323 | D:5      | Entered Level 5 of the Dungeon
  1364 | D:4      | Found a radiant altar of Vehumet.
  1370 | D:4      | Reached XP level 5. HP: 47/47 MP: 4/4
  1376 | D:4      | Reached skill level 5 in Fighting
  1515 | D:4      | Noticed Dowan
  1516 | D:4      | Noticed Duvessa
  1523 | D:4      | Killed Dowan
  1524 | D:4      | Reached skill level 6 in Axes
  1524 | D:4      | Reached XP level 6. HP: 39/56 MP: 5/5
  1528 | D:4      | HP: 2/84 [Duvessa/+3 rapier of freezing (16)]
  1528 | D:4      | Slain by Duvessa

Illustrated notes

Levels and vault maps discovered:
D:1:      lemuel_arrival_lava_pool, layout_rooms, serial_rivers,
          chequers_serial_rivers_micro_a, chequers_serial_rivers_micro_d,
          chequers_serial_rivers_micro_b, chequers_serial_rivers_small_3,
          chequers_serial_rivers_room_a, chequers_serial_rivers_small_b
D:2:      minmay_skewed_foursquare, layout_basic, eino_curves_01
D:3:      layout_loops_corners, nicolae_gozag_seed_capital,
          nicolae_ashenzari_panopticon, uniq_sigmund
D:4:      layout_cave_pools, vehumet_altar_wand_db,
          minmay_temple_entry_gardened_gates, kennysheep_generic_room_8,
          uniq_duvessa
D:5:      layout_basic, grunt_dithmenos_smoke_and_mirrors, serial_aquarium,
          aquarium_bridge_island_small [aquarium_subvault_small_water,
          aquarium_subvault_bridge, aquarium_subvault_wall,
          aquarium_subvault_window, aquarium_subvault_bridge],
          aquarium_bridge_straight [aquarium_subvault_bridge,
          aquarium_subvault_wall, aquarium_subvault_bridge,
          aquarium_subvault_wall], aquarium_window_fake, aquarium_window_1,
          aquarium_view_2c, aquarium_view_2c, aquarium_pool_split

Skill      XL: |  1  2  3  4  5 |
---------------+----------------+-----
Axes           | 4 5 6 |  6.0
Fighting       | 4 5 |  5.0
Armour         | 3 4 |  4.1
Dodging        | 3 |  3.1
Stealth        | |  0.2

Action                   |  1- 3 |  4- 6 || total
-------------------------+-------+-------++-------
Melee: Hand axe          |    72 |    30 ||   102
       Headbutt          |    12 |     5 ||    17
Invok: Berserk           |       |     2 ||     2
Armor: Animal skin       |     3 |       ||     3
       Ring mail         |    15 |     4 ||    19
Dodge: Dodged            |    49 |    22 ||    71

Table legend: (Time is in decaauts)
 A = Elapsed time spent in this place.
 B = Non-inter-level travel time spent in this place.
 C = Inter-level travel time spent in this place.
 D = Time resting spent in this place.
 E = Time spent auto-exploring this place.
 F = Levels seen in this place.
 G = Mean time per level.
                   A        B        C        D        E       F      G
               +--------+--------+--------+--------+--------+-----+--------+
         Total |   1553 |   1534 |     19 |    132 |    802 |   5 |  310.6 |
       Dungeon |   1553 |   1534 |     19 |    132 |    802 |   5 |  310.6 |
               +--------+--------+--------+--------+--------+-----+--------+

Top non-repeatable levels by time:
     D:1: 801 daAuts
     D:2: 510 daAuts
     D:4: 219 daAuts
     D:5: 14 daAuts
     D:3: 7 daAuts
